 Dungeon Crawl Stone Soup version 0.19.0-19-g8c6edcc (webtiles) character file.

126 KarmaPolice the Charmwright (level 4, -1/34 HPs)
             Began as a Vampire Skald on Nov 14, 2016.
             Slain by an adder (4 damage)
             ... on level 2 of the Dungeon.
             The game lasted 00:05:53 (2861 turns).

KarmaPolice the Charmwright (Vampire Skald)         Turns: 2861, Time: 00:05:54

Health: -1/34      AC:  3    Str: 11    XL:     4   Next: 83%
Magic:  3/8        EV: 11    Int: 14    God:
Gold:   113        SH:  0    Dex: 14    Spells: 4 memorised, 0 levels left

rFire  . . .     SeeInvis +     a - +0 falchion
rCold  + . .     Gourm    .     b - +0 leather armour
rNeg   + + .     Faith    .     (no shield)
rPois  +         Spirit   .     (no helmet)
rElec  .         Reflect  .     (no cloak)
rCorr  .         Harm     .     (no gloves)
MR     .....                    (no boots)
Stlth  ++........               (no amulet)
                                (no ring)
                                (no ring)

@: regenerating slowly
A: fangs 3, see invisible, unbreathing
a: Bat Form


You were on level 2 of the Dungeon.
You were near bloodless.

You visited 1 branch of the dungeon, and saw 2 of its levels.

You collected 113 gold pieces.

Inventory:

Hand Weapons
 a - a +0 falchion (weapon)
Armour
 b - a +0 leather armour (worn)
Scrolls
 e - 4 scrolls of identify {unknown}
 f - a scroll of enchant armour {unknown}
 h - a scroll of enchant weapon {unknown}
 i - 2 scrolls of remove curse {unknown}
 k - 3 scrolls of amnesia {unknown}
 m - a scroll of blinking {unknown}
Potions
 d - 9 potions of blood
 g - 2 potions of flight {unknown}
 j - a potion of brilliance {unknown}
 l - a potion of ambrosia
Books
 c - a book of Battle

   Spells                             Type                      Level
   a - Infusion                       Charms                       1
   b - Shroud of Golubria             Charms/Translocation         2
   c - Song of Slaying                Charms                       2
   d - Spectral Weapon                Hexes/Charms                 3
   e - Regeneration                   Charms/Necromancy            3


   Skills:
 + Level 2.8 Fighting
 + Level 3.0 Long Blades
 - Level 0.7 Armour
 - Level 1.1 Dodging
 + Level 2.7 Spellcasting
 + Level 4.2 Charms


You couldn't memorise any spells.
You knew the following spells:

 Your Spells              Type           Power        Failure   Level  Hunger
a - Infusion              Chrm           ##..         8%          1    #......
b - Shroud of Golubria    Chrm/Tloc      #.........   21%         2    ###....
c - Song of Slaying       Chrm           ##......     10%         2    ###....
d - Regeneration          Chrm/Necr      #.........   38%         3    ###....


Dungeon Overview and Level Annotations

Branches:
Dungeon (2/15)

Altars:
Elyvilon
Sif Muna


Innate Abilities, Weirdness & Mutations

You heal slowly.
You have razor-sharp teeth.
You have supernaturally acute eyesight. (SInv)
You can survive without breathing.


Message History

You hit the adder but do no damage.
The adder is severely wounded.
You miss the adder.
The adder is severely wounded.
The adder bites you.
* * * LOW HITPOINT WARNING * * *
You hit the adder.
The adder is almost dead.
The adder bites you but does no damage. The adder bites you.
* * * LOW HITPOINT WARNING * * *
Unknown command.
Your leather armour prevents you from hitting the adder.
Your bite misses the adder.
The adder is almost dead.
The adder bites you.
* * * LOW HITPOINT WARNING * * *
You hit the adder but do no damage.
The adder is almost dead.
The adder bites you.
You die...

##......##.#
#..........#
#..........#
#...#......###
#...#.........
#...#......##.
#...#......#
#...#......#
#...#@S....#
#####.!....#
#......#
#.........
#..#.#.#.#
#.........
#....⌠....
#......._.
##...⌠...


You could see an adder.

Vanquished Creatures
  Ijyb (D:2)
  5 adders (D:2)
  A worm (D:2)
  A dart slug (D:1)
  2 leopard geckos
  A ball python (D:1)
  5 bats
  4 giant cockroaches
  7 goblins
  3 hobgoblins (D:1)
  4 jackals (D:1)
  5 kobolds
  A quokka (D:2)
  2 frilled lizards
  7 rats
49 creatures vanquished.

Notes
Turn   | Place    | Note
-------+----------+-------------------------------------------
     0 | D:1      | KarmaPolice the Vampire Skald began the quest for the Orb.
     0 | D:1      | Reached XP level 1. HP: 16/16 MP: 3/3
   536 | D:1      | Reached XP level 2. HP: 20/22 MP: 5/5
   939 | D:1      | Reached XP level 3. HP: 28/28 MP: 6/6
   943 | D:1      | Learned a level 2 spell: Shroud of Golubria
   946 | D:1      | Learned a level 2 spell: Song of Slaying
  1514 | D:2      | Found a deep blue altar of Sif Muna.
  1551 | D:2      | Reached skill level 4 in Charms
  2170 | D:2      | Reached XP level 4. HP: 34/34 MP: 7/7
  2423 | D:2      | Learned a level 3 spell: Regeneration
  2744 | D:2      | Noticed Ijyb
  2766 | D:2      | Killed Ijyb
  2806 | D:2      | Found a white marble altar of Elyvilon.
  2861 | D:2      | Slain by an adder

Skill      XL: |  1  2  3  4 |
---------------+-------------+-----
Fighting       | 2 |  2.8
Charms         | 4 |  4.2
Long Blades    | 3 |  3.0
Armour         | |  0.7
Dodging        | |  1.1
Spellcasting   | |  2.7

Action                   |  1- 3 |  4- 6 || total
-------------------------+-------+-------++-------
Melee: Falchion          |   127 |    56 ||   183
       Bite              |    11 |     4 ||    15
 Cast: Infusion          |     3 |     4 ||     7
       Shroud of Golubri |     2 |     4 ||     6
       Song of Slaying   |     1 |     2 ||     3
  Use: Potion            |     1 |     1 ||     2
 Stab: Sleeping          |       |     1 ||     1
  Eat: Corpse            |     2 |       ||     2
Armor: Leather armour    |    37 |    17 ||    54
Dodge: Dodged            |    92 |    39 ||   131
       Rpst.: Falchion   |    35 |    14 ||    49
